 Dungeon Crawl Stone Soup version bcrawl-1.19.1 (webtiles) character file.

Game seed: 12104709039889313174

122 mahrnol the Magician (level 4, -1/24 HPs)
             Began as a Skeleton Wizard on Dec 2, 2019.
             Slain by a scorpion (8 damage)
             ... on level 4 of the Dungeon.
             The game lasted 00:15:36 (4341 turns).

mahrnol the Magician (Skeleton Wizard)              Turns: 4341, Time: 00:15:37

Health: -1/24      AC:  2    Str: 13    XL:     4   Next: 78%
Magic:  0/11       EV: 12    Int: 18    God:
Gold:   221        SH:  0    Dex:  7    Spells: 5/13 levels left

rFire    . . .     SeeInvis .   a - +0 staff
rCold    + . .     Gourm    .   (no shield)
rNeg     + + +     Faith    .   b - +0 robe
rPois    ∞         Spirit   +   c - +0 hat
rElec    .         Reflect  .   (no cloak)
rCorr    .         Harm     .   (no gloves)
MR       .....                  (no boots)
Stlth    ++........             (no amulet)
HPRegen  0.08/turn              (no ring)
MPRegen  0.12/turn              (no ring)

@: very slightly contaminated
A: no food or potions, cold resistance 1, deterioration 1, negative energy
resistance 3, torment resistance, unbreathing, magic shield, sturdy frame 1,
spell healing
a: no special abilities


You were on level 4 of the Dungeon.
You were not hungry.

You visited 1 branch of the dungeon, and saw 4 of its levels.

You collected 221 gold pieces.

Inventory:

Hand Weapons
 a - a +0 staff (weapon)
 e - a +1 short sword of holy wrath
Missiles
 g - 130 tomahawks (quivered)
 m - 76 javelins
Armour
 b - a +0 robe (worn)
 c - a +0 hat (worn)
Scrolls
 d - 6 scrolls of identify {unknown}
 f - 2 scrolls of amnesia {unknown}
 h - 2 scrolls of remove curse {unknown}
 i - 2 scrolls of enchant weapon {unknown}
 j - a scroll of teleportation {unknown}
 k - a scroll of fog {unknown}
 l - a scroll of enchant armour {unknown}


   Skills:
 - Level 2.1 Dodging
 - Level 3.0 Stealth
 - Level 5.4 Spellcasting
 - Level 2.0 Conjurations
 - Level 1.2 Summonings
 - Level 0.7 Translocations
 + Level 2.4 Air Magic


You had 5 spell levels left.
You knew the following spells:

 Your Spells              Type           Power        Failure   Level  Hunger
a - Magic Dart            Conj           ##..         5%          1    N/A
b - Call Imp              Summ           #.....       12%         2    N/A
c - Blink                 Tloc           N/A          14%         2    N/A
d - Mephitic Cloud        Conj/Pois/Air  ##......     21%         3    N/A

Your spell library contained the following spells:

 Spells                   Type           Power        Failure   Level  Hunger
 Conjure Flame            Conj/Fire      #.......     26%         3    N/A
 Spider Form              Tmut/Pois      Unusable     N/A         3    N/A

Dungeon Overview and Level Annotations

Branches:
Dungeon (4/12)
 Temple: D:4-7

Altars:
Cheibriados

Annotations:
D:3 3 runed translucent doors, exclusion: 3 doors, sazatina's ghost, amateur AvRe


Innate Abilities, Weirdness & Mutations

You do not eat or drink.
You are immune to poison.
Your flesh is cold resistant. (rC+)
Your body sometimes deteriorates upon taking damage.
You are immune to negative energy. (rN+++)
You are immune to unholy pain and torment.
You can survive without breathing.
When hurt, damage is shared between your health and your magic reserves.
Your movements are slightly less encumbered by armour. (ER -2)
Casting spells heals you.


Message History

Confirm with . or Enter, or press ? or * to list all spells.
A beastly little devil appears in a puff of flame.
The scorpion stings you.
Casting: Call Imp (safe; 12% risk of failure)
Confirm with . or Enter, or press ? or * to list all spells.
You miscast Call Imp.
Your brain hurts!
The scorpion stings you.
Casting: Call Imp (safe; 12% risk of failure)
Confirm with . or Enter, or press ? or * to list all spells.
Aiming: Magic Dart (safe; 5% risk of failure)
Press: ? - help, Shift-Dir - straight line, f - scorpion
Aim: a scorpion The magic dart hits the scorpion.
The scorpion closely misses you.
Your crimson imp hits the scorpion.
You closely miss the scorpion.
The scorpion is lightly wounded.
The scorpion stings you.
* * * LOW HITPOINT WARNING * * *
Your crimson imp hits the scorpion but does no damage.
The scorpion stings you!
You die...

# )#
######.#
#......##
#.5s....#
#..@....#
#.......[#
#......#.#
########


You could see a scorpion and a friendly crimson imp.

Vanquished Creatures
  An orc wizard (D:3)
  A worker ant (D:3)
  3 leopard geckos
  6 orcs
  6 giant cockroaches
  3 hobgoblins (D:2)
  6 jackals
  13 kobolds
  2 quokkas
  A ball python (D:2)
  3 bats (D:1)
  2 frilled lizards
  A goblin (D:1)
  7 rats
55 creatures vanquished.

Vanquished Creatures (collateral kills)
  An ooze (D:3)
  A worm (D:1)
  An orc (D:3)
  A bat (D:3)
  A jackal (D:1)
  A quokka (D:3)
6 creatures vanquished.

Vanquished Creatures (others)
  2 fungi (D:3)
  2 plants (D:3)
4 creatures vanquished.

Grand Total: 65 creatures vanquished

Notes
Turn   | Place    | Note
-------+----------+-------------------------------------------
     0 | D:1      | mahrnol the Skeleton Wizard began the quest for the Orb.
     0 | D:1      | Reached XP level 1. HP: 10/10 MP: 5/5
   287 | D:1      | Reached XP level 2. HP: 15/15 MP: 0/7
   370 | D:1      | Reached skill level 5 in Spellcasting
   374 | D:1      | Learned a level 2 spell: Call Imp
   377 | D:1      | Learned a level 2 spell: Blink
  1417 | D:2      | Reached XP level 3. HP: 19/19 MP: 7/9
  1486 | D:2      | Learned a level 3 spell: Mephitic Cloud
  2658 | D:3      | Reached skill level 1 in Air Magic
  2725 | D:3      | Reached XP level 4. HP: 24/24 MP: 4/11
  3559 | D:3      | Found a runed translucent gate.
  3560 | D:3      | Found a runed translucent gate.
  3560 | D:3      | Noticed a big kobold
  3561 | D:3      | Found a runed translucent gate.
  3561 | D:3      | Noticed a big kobold
  3561 | D:3      | Noticed sazatina's ghost (amateur AvRe)
  4035 | D:4      | Found a snail-covered altar of Cheibriados.
  4341 | D:4      | Slain by a scorpion

Skill      XL: |  1  2  3  4 |
---------------+-------------+-----
Spellcasting   | 5 |  5.4
Stealth        | 3 |  3.0
Conjurations   | 2 |  2.0
Air Magic      | 1 2 |  2.4
Dodging        | |  2.1
Summonings     | |  1.2
Translocations | |  0.7

Action                   |  1- 3 |  4- 6 || total
-------------------------+-------+-------++-------
Melee: Staff             |     3 |     2 ||     5
 Cast: Magic Dart        |   111 |    39 ||   150
       Call Imp          |    12 |    14 ||    26
       Blink             |     2 |       ||     2
       Mephitic Cloud    |       |     5 ||     5
Armor: Robe              |    18 |     2 ||    20
Dodge: Dodged            |    42 |    14 ||    56
